 Dungeon Crawl Stone Soup version 0.24-a0-243-g8f5f5cd (webtiles) character file.

Game seed: 9444407814997018517

5029 vorskei the Reanimator (level 10, -22/74 HPs)
             Began as a Gnoll Necromancer on Apr 9, 2019.
             Was a High Priest of Cheibriados.
             Killed from afar by a gargoyle (26 damage)
             ... with a stone arrow
             ... on level 11 of the Dungeon.
             The game lasted 01:10:16 (7873 turns).

vorskei the Reanimator (Gnoll Necromancer)          Turns: 7873, Time: 01:10:17

Health: -22/74     AC:  9    Str: 22    XL:     10   Next: 55%
Magic:  1/21       EV: 17    Int: 33    God:    Cheibriados [*****.]
Gold:   549        SH:  0    Dex: 27    Spells: 8/23 levels left

rFire    . . .     SeeInvis .   a - +2 dagger (elec)
rCold    . . .     Gourm    .   (no shield)
rNeg     . . .     Faith    .   H - +0 scale mail
rPois    +         Spirit   .   z - +1 helmet
rElec    .         Reflect  .   (no cloak)
rCorr    .         Harm     .   (no gloves)
MR       .....                  (no boots)
Stlth    +++.......             (no amulet)
HPRegen  0.22/turn              G - ring of Xom's Indignation {rPois Int+2}
MPRegen  0.17/turn              m - ring of wizardry

@: very slow
A: distributed training, fangs 1, strong nose
a: Bend Time, Temporal Distortion, Slouch, Step From Time, Renounce Religion


You were on level 11 of the Dungeon.
You worshipped Cheibriados.
Cheibriados was extremely pleased with you.
You were very hungry.

You visited 2 branches of the dungeon, and saw 12 of its levels.
You also visited: Sewer.

You collected 549 gold pieces.

Inventory:

Hand Weapons
 a - a +2 dagger of electrocution (weapon)
 r - a +0 hunting sling
 s - a +0 spear
 K - a +0 shortbow
 T - a +2 dagger of chaos
Missiles
 f - 201 arrows
 i - 282 stones (quivered)
 n - 25 poisoned needles
 t - 103 sling bullets
 C - 61 bolts
 L - 3 tomahawks
Armour
 k - a +0 ring mail
 z - a +1 helmet (worn)
 H - a +0 scale mail (worn)
Magical Staves
 j - an uncursed staff of summoning
Jewellery
 g - an uncursed ring of resist corrosion
 m - a ring of wizardry (right hand)
 y - an uncursed ring of fire
 G - the ring of Xom's Indignation (left hand) {rPois Int+2}
   (You found it on level 8 of the Dungeon)

   [ring of poison resistance]

   It affects your intelligence (+2).
   It protects you from poison.
 M - an uncursed ring of poison resistance
 Q - an uncursed ring of stealth
 U - an uncursed ring of magical power
 V - an uncursed ring of ice
Wands
 h - a wand of acid (7)
 E - a wand of paralysis (3)
 J - a wand of scattershot (9)
 O - a wand of flame (14)
Scrolls
 b - a scroll of enchant weapon {unknown}
 d - a scroll of teleportation
 e - a scroll of identify
 l - 5 scrolls of remove curse
 q - 2 scrolls of enchant armour
 v - a scroll of magic mapping {unknown}
 x - a scroll of holy word {unknown}
 A - 2 scrolls of amnesia
 B - 4 scrolls of fog
 D - 2 scrolls of immolation
Potions
 o - 3 potions of flight
 u - a potion of heal wounds
 w - 3 potions of curing
 F - a potion of cancellation {unknown}
 I - a potion of might
 N - 3 potions of resistance
 P - a potion of berserk rage {unknown}
 R - a potion of magic {unknown}
Miscellaneous
 p - a fan of gales
Comestibles
 c - 7 rations


   Skills:
 + Level 5.3 Fighting
 + Level 5.3 Short Blades
 + Level 5.3 Long Blades
 + Level 5.3 Axes
 + Level 5.3 Maces & Flails
 + Level 5.3 Polearms
 + Level 5.3 Staves
 + Level 5.3 Slings
 + Level 5.3 Bows
 + Level 5.3 Crossbows
 + Level 5.3 Throwing
 + Level 5.3 Armour
 + Level 7.1 Dodging
 + Level 6.8 Stealth
 + Level 5.3 Shields
 + Level 5.3 Unarmed Combat
 + Level 7.3 Spellcasting
 + Level 4.3 Conjurations
 + Level 4.3 Hexes
 + Level 4.3 Charms
 + Level 4.3 Summonings
 + Level 8.4 Necromancy
 + Level 4.3 Translocations
 + Level 4.3 Transmutations
 + Level 4.3 Fire Magic
 + Level 4.3 Ice Magic
 + Level 4.3 Air Magic
 + Level 4.3 Earth Magic
 + Level 4.3 Poison Magic
 + Level 5.8 Invocations
 + Level 5.3 Evocations


You had 8 spell levels left.
You knew the following spells:

 Your Spells              Type           Power        Failure   Level  Hunger
a - Animate Skeleton      Necr           N/A          1%          1    None
d - Regeneration          Chrm/Necr      ######....   1%          3    None
e - Conjure Flame         Conj/Fire      #####...     1%          3    None
q - Pain                  Necr           ####         1%          1    None
s - Animate Dead          Necr           N/A          1%          4    #......
w - Mephitic Cloud        Conj/Pois/Air  #####...     1%          3    None

Your spell library contained the following spells:

 Spells                   Type           Power        Failure   Level  Hunger
 Poisonous Vapours        Pois/Air       #####.       1%          2    None
 Vampiric Draining        Necr           ######....   1%          3    None
 Freezing Cloud           Conj/Ice/Air   #####.....   65%         6    ######.
 Ring of Flames           Chrm/Fire      #####.....   99%         7    #######


Dungeon Overview and Level Annotations

Branches:
Dungeon (11/15)            Temple (1/1) D:4
   Lair: D:8-11         Orc: D:9-12

Altars:
Ashenzari
Cheibriados
Dithmenos
Elyvilon
Fedhas
Hepliaklqana
Makhleb
Okawaru
Qazlal
Trog
Uskayaw
Xom
Zin
The Shining One

Annotations:
D:2 Jessica


Innate Abilities, Weirdness & Mutations

Your experience applies equally to all skills.
You have very sharp teeth.
Your uncanny sense of smell can sniff out nearby items.


Message History

* * * LOW HITPOINT WARNING * * *
The centaur shoots an arrow.
The arrow misses you.
The gargoyle hurls a stone arrow at you.
The stone arrow misses you.
Found a stone staircase leading down.
The centaur shoots an arrow.
The arrow hits you.
* * * LOW HITPOINT WARNING * * *
A worker ant zombie comes into view.
The centaur shoots an arrow.
The arrow hits you but does no damage.
The gargoyle hurls a stone arrow at you.
The stone arrow misses you.
You see here 2 arrows.
A green ugly thing comes into view.
You hit the gargoyle but do no damage. The gargoyle hits you with a +0 flail!
* * * LOW HITPOINT WARNING * * *
You hit the gargoyle. You bite the gargoyle.
The gargoyle is lightly damaged.
The gargoyle hurls a stone arrow at you.
The stone arrow hits you!!
You die...

...# .# ## #...
.##
...#..°####..#
......°Z##...##
.........#....##
.......<.......#
..c.u..........#
...####..(9..[##
. #....@!..#
#...#.....#
#...##......#
#..## ##......#
...# #........
..# ##.>.....
....... .....##


You could see a green ugly thing, a gargoyle and a worker ant zombie.

Vanquished Creatures
  An ugly thing (D:7)
  Joseph (D:8)
  A guardian serpent (D:9)
  A komodo dragon (D:6)
  A troll (D:9)
  A hippogriff (D:7)
  A wyvern (D:9)
  3 vampire mosquitoes (D:9)
  An ice beast (D:10)
  2 sky beasts
  2 ogres
  4 centaurs
  A big kobold (Sewer)
  3 bullfrogs
  4 scorpions
  A water moccasin skeleton (D:5)
  5 killer bees (D:8)
  A howler monkey (D:4)
  5 crimson imps
  4 bullfrog zombies
  A quasit (D:7)
  4 hounds
  2 jellies
  A centaur skeleton (D:9)
  An orc priest (D:10)
  2 orc wizards
  6 worker ants
  An iguana (D:8)
  Robin (D:2)
  A gnoll (D:1)
  14 adders
  2 river rats (Sewer)
  3 oozes
  3 worms
  2 dart slugs
  9 leopard geckos
  23 orcs
  8 bats
  6 giant cockroaches
  22 goblins
  6 hobgoblins
  15 jackals
  2 quokkas
  3 ball pythons
  3 frilled lizards
  11 kobolds
  A leopard gecko zombie (D:6)
  A quokka zombie (D:5)
  8 rats
205 creatures vanquished.

Vanquished Creatures (collateral kills)
  A guardian serpent (D:9)
  A hornet (D:9)
  A vampire mosquito (D:9)
  An ice beast (D:6)
  A killer bee (D:8)
  An orc priest (D:6)
  An orc wizard (D:6)
  A shadow imp (D:6)
  A dart slug (D:3)
  2 orcs
  A ball python (D:2)
  4 goblins (D:2)
  3 hobgoblins
  A jackal (D:1)
  2 quokkas
  2 bats
  A quokka skeleton (D:7)
  2 rats (D:2)
27 creatures vanquished.

Grand Total: 232 creatures vanquished

Notes
Turn   | Place    | Note
-------+----------+-------------------------------------------
     0 | D:1      | vorskei the Gnoll Necromancer began the quest for the Orb.
     0 | D:1      | Reached XP level 1. HP: 13/13 MP: 6/6
    17 | D:1      | Learned a level 1 spell: Animate Skeleton
    92 | D:1      | Reached XP level 2. HP: 13/20 MP: 2/7
   378 | D:1      | Reached XP level 3. HP: 25/25 MP: 9/9
   412 | D:1      | Reached skill level 5 in Spellcasting
   828 | D:1      | Reached skill level 1 in Invocations
  1397 | D:2      | Reached skill level 1 in Fighting
  1397 | D:2      | Reached skill level 1 in Short Blades
  1397 | D:2      | Reached skill level 1 in Long Blades
  1397 | D:2      | Reached skill level 1 in Axes
  1397 | D:2      | Reached skill level 1 in Maces & Flails
  1397 | D:2      | Reached skill level 1 in Polearms
  1397 | D:2      | Reached skill level 1 in Staves
  1397 | D:2      | Reached skill level 1 in Slings
  1397 | D:2      | Reached skill level 1 in Bows
  1397 | D:2      | Reached skill level 1 in Crossbows
  1397 | D:2      | Reached skill level 1 in Throwing
  1397 | D:2      | Reached skill level 1 in Armour
  1397 | D:2      | Reached skill level 1 in Shields
  1397 | D:2      | Reached skill level 1 in Unarmed Combat
  1397 | D:2      | Reached skill level 1 in Evocations
  1398 | D:2      | Noticed Jessica
  1606 | D:2      | Learned a level 3 spell: Regeneration
  1618 | D:2      | Reached XP level 4. HP: 32/32 MP: 9/11
  1806 | D:2      | Noticed Robin
  1907 | D:2      | Reached skill level 1 in Conjurations
  1907 | D:2      | Reached skill level 1 in Hexes
  1907 | D:2      | Reached skill level 1 in Charms
  1907 | D:2      | Reached skill level 1 in Summonings
  1907 | D:2      | Reached skill level 1 in Translocations
  1907 | D:2      | Reached skill level 1 in Transmutations
  1907 | D:2      | Reached skill level 1 in Fire Magic
  1907 | D:2      | Reached skill level 1 in Ice Magic
  1907 | D:2      | Reached skill level 1 in Air Magic
  1907 | D:2      | Reached skill level 1 in Earth Magic
  1907 | D:2      | Reached skill level 1 in Poison Magic
  1931 | D:2      | Killed Robin
  2116 | D:2      | Reached XP level 5. HP: 22/37 MP: 7/12
  2122 | D:2      | Learned a level 4 spell: Animate Dead
  2574 | D:3      | Found a glowing drain.
  2653 | Sewer    | Entered a sewer
  2740 | Sewer    | Noticed a big kobold
  2765 | Sewer    | Killed a big kobold
  2765 | Sewer    | Reached XP level 6. HP: 29/44 MP: 5/13
  2886 | Sewer    | Found a white marble altar of Elyvilon.
  3066 | D:3      | Paralysed by a goblin for 2 turns
  3508 | D:4      | Found a staircase to the Ecumenical Temple.
  3527 | Temple   | Entered the Ecumenical Temple
  3565 | Temple   | Became a worshipper of Cheibriados the Contemplative
  3723 | D:4      | Reached skill level 5 in Dodging
  3941 | D:4      | Reached XP level 7. HP: 49/50 MP: 15/15
  4251 | D:5      | Entered Level 5 of the Dungeon
  4380 | D:5      | Reached * piety under Cheibriados
  4491 | D:5      | Found a glowing silver altar of Zin.
  4651 | D:5      | Reached skill level 5 in Stealth
  4721 | D:6      | Reached XP level 8. HP: 46/57 MP: 16/16
  4842 | D:6      | Reached ** piety under Cheibriados
  4979 | D:6      | Noticed a komodo dragon
  5010 | D:6      | Killed a komodo dragon
  5214 | D:6      | Found a hide-covered altar of Uskayaw.
  5214 | D:6      | Found a stormy altar of Qazlal.
  5215 | D:6      | Found a shattered altar of Ashenzari.
  5259 | D:7      | Noticed a green ugly thing
  5271 | D:7      | Killed a green ugly thing
  5271 | D:7      | Reached XP level 9. HP: 42/65 MP: 8/18
  5552 | D:7      | Reached *** piety under Cheibriados
  5745 | D:7      | Got a blackened falchion
  5852 | D:8      | Reached skill level 8 in Necromancy
  6051 | D:8      | Learned a level 3 spell: Conjure Flame
  6055 | D:8      | Learned a level 3 spell: Mephitic Cloud
  6082 | D:8      | Noticed a two-headed ogre
  6163 | D:8      | Got a crude amber ring
  6165 | D:8      | Identified the ring of Xom's Indignation {rPois Int+2} (You
                  | found it on level 8 of the Dungeon)
  6257 | D:8      | Reached **** piety under Cheibriados
  6274 | D:8      | Found a burning altar of Makhleb.
  6275 | D:8      | Found a shimmering altar of Xom.
  6303 | D:8      | Noticed Joseph
  6344 | D:8      | Killed Joseph
  6344 | D:8      | Reached skill level 5 in Invocations
  6728 | D:9      | Reached XP level 10. HP: 67/73 MP: 14/20
  6823 | D:9      | Found an iron altar of Okawaru.
  6866 | D:9      | Noticed a guardian serpent
  6877 | D:9      | Killed a guardian serpent
  6906 | D:9      | Reached skill level 5 in Fighting
  6906 | D:9      | Reached skill level 5 in Short Blades
  6906 | D:9      | Reached skill level 5 in Long Blades
  6906 | D:9      | Reached skill level 5 in Axes
  6906 | D:9      | Reached skill level 5 in Maces & Flails
  6906 | D:9      | Reached skill level 5 in Polearms
  6906 | D:9      | Reached skill level 5 in Staves
  6906 | D:9      | Reached skill level 5 in Slings
  6906 | D:9      | Reached skill level 5 in Bows
  6906 | D:9      | Reached skill level 5 in Crossbows
  6906 | D:9      | Reached skill level 5 in Throwing
  6906 | D:9      | Reached skill level 5 in Armour
  6906 | D:9      | Reached skill level 5 in Shields
  6906 | D:9      | Reached skill level 5 in Unarmed Combat
  6906 | D:9      | Reached skill level 5 in Evocations
  7117 | D:9      | Noticed a guardian serpent
  7141 | D:9      | Killed a guardian serpent
  7535 | D:9      | Upgraded the game from 0.24-a0-235-g3f03afc to
                  | 0.24-a0-243-g8f5f5cd
  7607 | D:10     | Entered Level 10 of the Dungeon
  7607 | D:10     | Noticed a gargoyle
  7627 | D:10     | Noticed a two-headed ogre
  7673 | D:10     | Reached ***** piety under Cheibriados
  7700 | D:10     | HP: 1/74 [gargoyle/+0 flail (18)]
  7872 | D:11     | Noticed a green ugly thing
  7873 | D:11     | Killed from afar by a gargoyle

Levels and vault maps discovered:
D:1:      dpeg_arrival_boxes_within_box, layout_basic, minivault_25
D:2:      layout_rooms, st_stairs_8, uniq_robin, uniq_jessica
D:3:      layout_rooms, cheibrodos_sewer_entry_drain, hex_large,
          chequers_mini_garden, guppyfry_early_orc_mine
D:4:      layout_loops_cross, minmay_temple_entry_nine_rooms, first_ration
D:5:      layout_rooms, zin_statuary, st_stairs_3
D:6:      layout_cave_pools, gammafunk_temple_overflow_claw
D:7:      layout_loops_cross
D:8:      layout_loops_ring, grunt_temple_overflow_champion_of_chaos,
          uniq_joseph
D:9:      nrook_guardian_serpent_snake_passage, layout_rooms, orc_0_dummy,
          basic_altar
D:10:     layout_roguey, grunt_tengu_nest
D:11:     layout_layer_cave, erik_lair_orcish_takeover
Temple:   regret_index_temple_sphere_string
Sewer:    sewer_kobolds

Skill      XL: |  1  2  3  4  5  6  7  8  9 10 |
---------------+-------------------------------+-----
Spellcasting   | 5 6 7 |  7.3
Invocations    | 1 2 3 4 5 |  5.8
Fighting       | 1 2 3 4 5 |  5.3
Short Blades   | 1 2 3 4 5 |  5.3
Long Blades    | 1 2 3 4 5 |  5.3
Axes           | 1 2 3 4 5 |  5.3
Maces & Flails | 1 2 3 4 5 |  5.3
Polearms       | 1 2 3 4 5 |  5.3
Staves         | 1 2 3 4 5 |  5.3
Slings         | 1 2 3 4 5 |  5.3
Bows           | 1 2 3 4 5 |  5.3
Crossbows      | 1 2 3 4 5 |  5.3
Throwing       | 1 2 3 4 5 |  5.3
Armour         | 1 2 3 4 5 |  5.3
Shields        | 1 2 3 4 5 |  5.3
Unarmed Combat | 1 2 3 4 5 |  5.3
Evocations     | 1 2 3 4 5 |  5.3
Conjurations   | 1 2 3 4 |  4.3
Hexes          | 1 2 3 4 |  4.3
Charms         | 1 2 3 4 |  4.3
Summonings     | 1 2 3 4 |  4.3
Translocations | 1 2 3 4 |  4.3
Transmutations | 1 2 3 4 |  4.3
Fire Magic     | 1 2 3 4 |  4.3
Ice Magic      | 1 2 3 4 |  4.3
Air Magic      | 1 2 3 4 |  4.3
Earth Magic    | 1 2 3 4 |  4.3
Poison Magic   | 1 2 3 4 |  4.3
Dodging        | 5 6 7 |  7.1
Stealth        | 5 6 |  6.8
Necromancy     | 8 |  8.4

Action                   |  1- 3 |  4- 6 |  7- 9 | 10-12 || total
-------------------------+-------+-------+-------+-------++-------
Melee: Unarmed           |     8 |       |       |       ||     8
       Dagger            |    28 |     6 |   256 |    84 ||   374
       Spear             |     7 |    12 |       |       ||    19
       Bite              |     2 |    20 |    37 |    18 ||    77
       Falchion          |       |    34 |       |       ||    34
       Rapier            |       |   161 |       |       ||   161
       Punch             |       |       |    10 |     5 ||    15
 Fire: Hand crossbow     |       |       |     3 |       ||     3
 Cast: Pain              |    40 |    43 |   116 |    27 ||   226
       Animate Skeleton  |    17 |    27 |    26 |     6 ||    76
       Regeneration      |       |     6 |    15 |    10 ||    31
       Animate Dead      |       |     4 |     4 |       ||     8
       Conjure Flame     |       |       |     2 |     4 ||     6
       Mephitic Cloud    |       |       |       |     8 ||     8
  Use: Scroll            |       |     6 |     4 |     8 ||    18
       Potion            |       |       |     5 |       ||     5
 Stab: Sleeping          |     3 |     7 |     2 |       ||    12
       Distracted        |       |     3 |     3 |       ||     6
  Eat: Chunk             |     2 |     6 |     7 |     1 ||    16
       Ration            |       |     1 |       |       ||     1
Armor: Robe              |     1 |       |       |       ||     1
       Ring mail         |    13 |    77 |     3 |       ||    93
       Scale mail        |       |       |   108 |    27 ||   135
Dodge: Dodged            |    25 |   208 |   252 |   124 ||   609
       Rpst.: Falchion   |       |     5 |       |       ||     5

Table legend:
 A = Non-vault XP
 B = Vault XP
 C = Vault XP percentage of total XP
 D = Non-vault monster count
 E = Vault monster count
 F = Vault count percentage of total count
                 A         B        C        D         E       F
            +---------+---------+-------+---------+---------+-------
      Total |    5763 |    1422 |  19.8 |     195 |      37 |  15.9
            +---------+---------+-------+---------+---------+-------
        D:1 |      63 |       0 |   0.0 |      29 |       0 |   0.0
        D:2 |      80 |      34 |  29.8 |      24 |      13 |  35.1
        D:3 |      53 |      22 |  29.3 |      18 |       9 |  33.3
        D:4 |     268 |       0 |   0.0 |      14 |       0 |   0.0
        D:5 |     509 |       1 |   0.2 |      13 |       1 |   7.1
        D:6 |     759 |       0 |   0.0 |      28 |       0 |   0.0
        D:7 |    1323 |       0 |   0.0 |      19 |       0 |   0.0
        D:8 |     895 |     510 |  36.3 |      26 |       2 |   7.1
        D:9 |    1593 |     726 |  31.3 |      18 |       2 |  10.0
       D:10 |     220 |       0 |   0.0 |       6 |       0 |   0.0
      Sewer |       0 |     129 | 100.0 |       0 |      10 | 100.0
            +---------+---------+-------+---------+---------+-------
